AoeStats
← Mvk7214

QS Arena

503318534Analyzed
1v1 RM · 1mo ago on Aug 31, 2026· 91m 31s· 2 players
Game mode
Random Map
Map size
Tiny (2 player)
Population
200
Speed
Normal
Resources
Standard
Victory
Conquest
Starting age
Dark Age
Ending age
Imperial Age
RankedLock teamsTeams togetherTeam positionsShared explorationLock speedFull tech treeHidden civsTurbo modeCheats
Victory
Defeat
🇵🇪 Khmer · Peru
482
+18
🇲🇦 Spanish · Morocco
457
-15
Mvk7214
9:18 Feudal Age
9:45 Double-Bit Axe
13:23 Horse Collar
16:57 Wheelbarrow
16:58 Gold Mining
19:53 Castle Age
19:13 Man-at-Arms
23:47 Hand Cart
23:49 Heavy Plow
24:03 Bow Saw
23:47 Stone Mining
30:09 Imperial Age
35:22 Cavalier
39:02 Chemistry
45:18 Paladin
49:45 Pikeman
50:35 Halberdier
52:24 Scale Barding Armor
58:51 Chain Barding Armor
59:39 Squires
82:15 Plate Barding Armor
84:48 Ballistics
Gumball05068454
8:28 Feudal Age
12:09 Double-Bit Axe
13:02 Wheelbarrow
13:01 Horse Collar
17:00 Bloodlines
21:07 Castle Age
20:40 Gold Mining
20:41 Stone Mining
21:23 Light Cavalry
23:34 Husbandry
27:45 Gold Shaft Mining
27:47 Stone Shaft Mining
30:36 Scale Barding Armor
35:34 Imperial Age
34:22 Bow Saw
37:45 Chemistry
37:07 Heavy Scorpion
39:06 Chain Barding Armor
40:24 Hussar
42:17 Hand Cart
42:10 Heavy Plow
42:22 Pikeman
43:57 Halberdier
50:10 Elite Ballista Elephant
53:07 Cavalier
57:09 Double Crossbow
59:12 Plate Barding Armor
Connection lost

Rejoining the realm…

Still unreachable

The connection could not be restored.

Session expired

The server has moved on; the page needs a fresh start.